 Dungeon Crawl Stone Soup version 0.26-a0-720-g2a1d101370 (webtiles) character file.

Game seed: 12681824362254793180

45 snetch the Chopper (level 3, 0/33 HPs)
             Began as a Hill Orc Monk on Nov 2, 2020.
             Succumbed to an adder's poison
             ... on level 2 of the Dungeon.
             The game lasted 00:01:39 (385 turns).

snetch the Chopper (Hill Orc Monk)                   Turns: 385, Time: 00:01:40

Health: 0/33       AC:  3    Str: 14    XL:     3   Next: 64%
Magic:  3/3        EV: 13    Int: 10    God:
Gold:   43         SH:  0    Dex: 13    Spells: 2/2 levels left

rFire    . . .     SeeInvis .   a - +0 hand axe
rCold    . . .     Faith    .   (no shield)
rNeg     . . .     Spirit   .   f - +0 leather armour
rPois    +         Reflect  .   (no helmet)
rElec    .         Harm     .   (no cloak)
rCorr    .         Rampage  .   (no gloves)
MR       .....                  (no boots)
Stlth    ++........             h - amulet of inaccuracy (curse)
HPRegen  0.11/turn              (no ring)
MPRegen  0.08/turn              (no ring)

@: lethally poisoned (0 -> -8), hasted, very quick
A: poison resistance, sturdy frame 1
a: no special abilities


You were on level 2 of the Dungeon.
You visited 1 branch of the dungeon, and saw 2 of its levels.

You collected 43 gold pieces.

Inventory:

Hand Weapons
 a - a +0 hand axe (weapon)
Missiles
 c - 82 stones (quivered)
 i - 16 sling bullets
Armour
 f - a +0 leather armour (worn)
Jewellery
 e - an uncursed amulet of faith
 h - a cursed amulet of inaccuracy (around neck)
Scrolls
 b - 2 scrolls of teleportation {unknown}


   Skills:
 + Level 4.0 Fighting
 + Level 4.6 Axes
 + Level 0.5 Armour
 + Level 2.9 Dodging
 + Level 2.0 Stealth


You had 2 spell levels left.
You didn't know any spells.
Your spell library was empty.

Dungeon Overview and Level Annotations

Branches:
Dungeon (2/15)

Altars:


Innate Abilities, Weirdness & Mutations

Your system is resistant to poisons. (rPois)
Your movements are slightly less encumbered by armour. (ER -2)


Message History

You feel sick. The adder bites you but does no damage.
You hit the adder.
The adder is severely wounded.
The adder bites you but does no damage.
You miss the adder.
The adder is severely wounded.
The adder barely misses you.
You miss the adder.
The adder is severely wounded.
The adder bites you but does no damage.
You barely miss the adder.
The adder is severely wounded.
The adder bites you.
* * * LOW HITPOINT WARNING * * *
You are more poisoned.
The adder poisons you!
It was a potion of mutation.
You feel extremely strange.
You feel resistant to poisons.
You feel less encumbered by your armour.
You die...

###.# # ######## #<#.#
###.##......#########.#.####
......................†.....
....##......###........#####
$..................)..#
#.................)#####
#.....†.................
#.....S@........†..#####
#...######....#####.....
#...# ###..# #...### #h..#
#..# ...... .....# #..#
####### ..#.#.# #..#
...+.... ..# .. ##..# ##.##
...


You could see an adder.

Vanquished Creatures
  A howler monkey (D:2)
  3 bats
  A giant cockroach (D:1)
  3 goblins
  2 rats
10 creatures vanquished.

Notes
Turn   | Place    | Note
-------+----------+-------------------------------------------
     0 | D:1      | snetch the Hill Orc Monk began the quest for the Orb.
     0 | D:1      | Reached XP level 1. HP: 19/19 MP: 1/1
   293 | D:2      | Reached XP level 2. HP: 25/27 MP: 2/2
   350 | D:2      | Noticed a howler monkey
   373 | D:2      | Killed a howler monkey
   373 | D:2      | Reached XP level 3. HP: 13/33 MP: 3/3
   384 | D:2      | HP: 1/33 [adder (4)]
   385 | D:2      | Gained mutation: Your system is resistant to poisons.
                  | (rPois) [potion of mutation]
   385 | D:2      | Gained mutation: Your movements are slightly less
                  | encumbered by armour. (ER -2) [potion of mutation]
   385 | D:2      | Succumbed to an adder's poison

Illustrated notes

Levels and vault maps discovered:
D:1:      minmay_arrival_loop, layout_basic, minmay_pentomino_u2
D:2:      layout_basic, chequers_ecumenical_altar_grove

Skill      XL: |  1  2  3 |
---------------+----------+-----
Fighting       | 4 |  4.0
Stealth        | 2 |  2.0
Axes           | |  4.6
Armour         | |  0.5
Dodging        | |  2.9

Action                   || total
-------------------------++-------
Melee: Hand axe          ||    55
  Use: Potion            ||     2
 Stab: Sleeping          ||     2
Armor: Robe              ||     3
       Leather armour    ||    21
Dodge: Dodged            ||    50

Table legend: (Time is in decaauts)
 A = Elapsed time spent in this place.
 B = Non-inter-level travel time spent in this place.
 C = Inter-level travel time spent in this place.
 D = Time resting spent in this place.
 E = Time spent auto-exploring this place.
 F = Levels seen in this place.
 G = Mean time per level.
                   A        B        C        D        E       F      G
               +--------+--------+--------+--------+--------+-----+--------+
         Total |    387 |    387 |      0 |      0 |    168 |   2 |  193.5 |
       Dungeon |    387 |    387 |      0 |      0 |    168 |   2 |  193.5 |
               +--------+--------+--------+--------+--------+-----+--------+

Top non-repeatable levels by time:
     D:1: 284 daAuts
     D:2: 103 daAuts
